 Dungeon Crawl Stone Soup version 0.17-a0-18-gc25b939 (console) character file.

270 Monkaria the Cleaver (level 6, -4/52 HPs)
             Began as a Hill Orc Abyssal Knight on Mar 10, 2015.
             Was a Priest of Lugonu.
             Slain by xeno23's ghost (11 damage)
             ... on level 3 of the Dungeon.
             The game lasted 00:12:57 (4502 turns).

Monkaria the Cleaver (Hill Orc Abyssal Knight)      Turns: 4502, Time: 00:12:58

Health: -4/52      AC:  3    Str: 15    XL:     6   Next: 22%
Magic:  8/8        EV: 11    Int: 12    God:    Lugonu [***...]
Gold:   143        SH:  0    Dex: 12    Spells: 0 memorised, 5 levels left

rFire  . . .     SeeInvis .     a - +1 hand axe
rCold  . . .     Clarity  .     b - +0 leather armour
rNeg   . . .     SustAb   .     (no shield)
rPois  .         Gourm    .     (no helmet)
rElec  .         Spirit   .     (no cloak)
rCorr  .         Warding  .     (no gloves)
rMut   .         Stasis   .     (no boots)
MR     .....                    (no amulet)
Stlth  +.........               (no ring)
                                (no ring)

@: not resistant to hostile enchantments, very unstealthy
A: no striking features
a: Depart the Abyss, Bend Space, Banish, Renounce Religion


You were on level 3 of the Dungeon.
You worshipped Lugonu.
Lugonu was most pleased with you.
You were hungry.

You visited 1 branch of the dungeon, and saw 3 of its levels.
You visited the Abyss 1 time.

You collected 143 gold pieces.

Inventory:

Hand weapons
 a - a +1 hand axe (weapon)
 l - a +0 blowgun
Missiles
 o - 28 poisoned needles
Armour
 b - a +0 leather armour (worn)
Scrolls
 d - a scroll of random uselessness {unknown}
 e - a scroll of noise {unknown}
 f - 6 scrolls of identify {unknown}
 g - a scroll of magic mapping {unknown}
 h - 2 scrolls of recharging {unknown}
 i - 5 scrolls of remove curse {unknown}
 j - a scroll of enchant armour {unknown}
 k - a scroll of enchant weapon {unknown}
 m - 5 scrolls of teleportation {unknown}
Comestibles
 c - 4 meat rations
 n - 3 fruits
 q - 2 bread rations


   Skills:
 - Level 4.2 Fighting
 + Level 8.0 Axes
 - Level 2.1 Armour
 - Level 0.7 Dodging
 - Level 0.1 Stealth
 - Level 2.4 Invocations


You had 5 spell levels left.
You didn't know any spells.

Dungeon Overview and Level Annotations

Branches:
Dungeon (3/15)

Altars:
Dithmenos

Annotations:
D:3 xeno23's ghost, average HOBe


Message History

You hit xeno23's ghost.
Xeno23's ghost is moderately damaged.
Xeno23's ghost barely misses you.
You hit xeno23's ghost.
Xeno23's ghost is moderately damaged.
Xeno23's ghost says, "Try not to bleed too much."
Xeno23's ghost hits you.
You hit xeno23's ghost.
Xeno23's ghost is heavily damaged.
Xeno23's ghost hits you!
You barely miss xeno23's ghost.
Xeno23's ghost is heavily damaged.
Xeno23's ghost hits you!
* * * LOW HITPOINT WARNING * * *
Drink which item? (? for menu, Esc to quit)
It was a potion of cancellation.
You feel magically purged. Xeno23's ghost hits you.
* * * LOW HITPOINT WARNING * * *
Xeno23's ghost hits you!
You die...

..#.....## #.. ..........# ##
###. .........###. #.#.
#(......#.. #... #.......#.# #...
##.....##.## .## #..(
#...)..#...#####..####W..
###..##.#..W....##..##.((##
##.......##@..##........#.#
#...........)###.......##.##
#..........#...........#...#
#.......#........##........#
#......###.......###.###....
#..##..###..##..............
######..###..#..###...###........
..##.....##.....##..#[###.......#
..........................#.....#


You could see xeno23's ghost.

Vanquished Creatures
  A giant frog (D:3)
  A centaur skeleton (D:3)
  7 adders
  A giant mite (D:1)
  4 worms
  2 giant geckos (D:2)
  An ooze (D:3)
  6 bats
  11 goblins
  12 hobgoblins
  13 jackals
  A quokka (D:2)
  2 ball pythons
  3 giant cockroaches
  3 giant newts (D:2)
  17 kobolds
  9 rats
94 creatures vanquished.

Notes
Turn   | Place    | Note
--------------------------------------------------------------
     0 | Abyss:1  | Monkaria, the Hill Orc Abyssal Knight, began the quest for the Orb.
     0 | Abyss:1  | Reached XP level 1. HP: 19/19 MP: 1/1
   100 | Abyss:1  | Noticed a small abomination
   150 | Abyss:1  | Noticed a guardian serpent
   152 | D:1      | Escaped the Abyss
   272 | D:1      | Reached skill level 4 in Fighting
   272 | D:1      | Reached XP level 2. HP: 22/27 MP: 2/2
   335 | D:1      | Acquired Lugonu's first power
   722 | D:1      | Reached XP level 3. HP: 22/33 MP: 4/4
  1404 | D:2      | Acquired Lugonu's second power
  1438 | D:2      | Reached skill level 5 in Axes
  1438 | D:2      | Reached XP level 4. HP: 15/40 MP: 5/5
  1538 | D:2      | HP: 2/40 [worm (10)]
  2677 | D:3      | Noticed xeno23's ghost (average HOBe)
  2685 | D:2      | Reached skill level 6 in Axes
  2802 | D:2      | Reached XP level 5. HP: 39/46 MP: 6/6
  3326 | D:3      | Found a shadowy altar of Dithmenos.
  3646 | D:3      | Reached skill level 7 in Axes
  3886 | D:3      | Noticed a giant frog
  3893 | D:3      | Killed a giant frog
  3893 | D:3      | Reached XP level 6. HP: 31/52 MP: 8/8
  3992 | D:2      | Acquired Lugonu's third power
  3992 | D:2      | Reached skill level 8 in Axes
  4502 | D:3      | Slain by xeno23's ghost

Action                   |  1- 3 |  4- 6 || total
-------------------------+-------+-------++-------
Melee: Hand axe          |   119 |   240 ||   359
Invok: Depart the Abyss  |     1 |       ||     1
  Use: Potion            |       |     2 ||     2
  Eat: Chunk             |     2 |     9 ||    11
